 Dungeon Crawl Stone Soup version 0.20-a0-787-g4ba4951 (webtiles) character file.

49 Apostate the Cutter (level 3, -1/27 HPs)
             Began as a Demonspawn Gladiator on Feb 27, 2017.
             Slain by an ooze (2 damage)
             ... on level 2 of the Dungeon.
             The game lasted 00:01:26 (869 turns).

Apostate the Cutter (Demonspawn Gladiator)           Turns: 869, Time: 00:01:26

Health: -1/27      AC:  9    Str: 15    XL:     3   Next: 51%
Magic:  3/3        EV: 10    Int:  9    God:
Gold:   52         SH:  0    Dex: 14    Spells: 2/2 levels left

rFire    . . .     SeeInvis .   a - +0 rapier
rCold    . . .     Gourm    .   g - +0 scale mail
rNeg     . . .     Faith    .   (no shield)
rPois    .         Spirit   .   c - +0 helmet
rElec    .         Reflect  .   (no cloak)
rCorr    .         Harm     .   (no gloves)
MR       .....                  (no boots)
Stlth    ..........             (no amulet)
Regen    0.1/turn               (no ring)
MPRegen  0.1/turn               (no ring)

@: lethally poisoned (-1 -> -2)
A: claws 1, thin metallic scales 1
a: no special abilities


You were on level 2 of the Dungeon.
You were not hungry.

You visited 1 branch of the dungeon, and saw 2 of its levels.

You collected 52 gold pieces.

Inventory:

Hand Weapons
 a - a +0 rapier (weapon)
Missiles
 d - 2 throwing nets (quivered)
Armour
 b - a +0 leather armour
 c - a +0 helmet (worn)
 g - a +0 scale mail (worn)
Scrolls
 e - 4 scrolls of remove curse
 h - 5 scrolls of identify
 i - a scroll of fog
Comestibles
 f - a bread ration


   Skills:
 - Level 2.0 Fighting
 * Level 3.9 Short Blades
 - Level 1.7 Throwing
 - Level 2.6 Dodging
 + Level 1.3 Stealth


You had 2 spell levels left.
You didn't know any spells.

Dungeon Overview and Level Annotations

Branches:
Dungeon (2/15)

Altars:


Innate Abilities, Weirdness & Mutations

You have sharp fingernails.
You are partially covered in thin metallic scales. (AC +2)


Message History

The kobold hits you but does no damage. The ooze hits you.
* * * LOW HITPOINT WARNING * * *
You aren't carrying any potions.
As you read the scroll labeled FIFOAG ZOAGRO, it crumbles to dust.
You feel blessed for a moment.
It was a scroll of remove curse.
The kobold hits you but does no damage. The ooze hits you.
* * * LOW HITPOINT WARNING * * *
As you read the scroll labeled LAEMEERREK, it crumbles to dust.
The creatures around you are filled with an inner flame!
It was a scroll of immolation.
You feel sick. The kobold hits you but does no damage.
The ooze hits you but does no damage.
As you read the scroll labeled YMOCAO DEANG, it crumbles to dust.
It is a scroll of identify.
i - a scroll of fog The kobold hits you but does no damage.
The ooze hits you.
* * * LOW HITPOINT WARNING * * *
As you read the scroll labeled QYOTZA SYIPT, it crumbles to dust.
You smell sulphur.
It was a scroll of random uselessness.
The kobold closely misses you. The ooze hits you.
You die...

###########
#.......(.#
#########......[..#
........#.(.......#
........#.........#
..................#
........#@........#
....[...JK.....<###
.....$..#.#######
........#.#
###.#.#.#.#
..>.......
###....<...
#.......[.
#.###.#.##


You could see an ooze (inner flame) and a kobold (inner flame).

Vanquished Creatures
  An adder (D:2)
  A worm (D:1)
  4 dart slugs (D:1)
  2 leopard geckos
  2 bats (D:1)
  4 goblins (D:1)
  5 hobgoblins (D:1)
  A quokka (D:2)
  A frilled lizard (D:1)
  2 kobolds (D:1)
  2 rats (D:1)
25 creatures vanquished.

Notes
Turn   | Place    | Note
-------+----------+-------------------------------------------
     0 | D:1      | Apostate the Demonspawn Gladiator began the quest for the Orb.
     0 | D:1      | Reached XP level 1. HP: 16/16 MP: 1/1
    98 | D:1      | Reached skill level 3 in Short Blades
   290 | D:1      | Gained mutation: You are partially covered in thin metallic scales. (AC +2) [demonic ancestry]
   290 | D:1      | Reached XP level 2. HP: 20/22 MP: 2/2
   400 | D:1      | Reached skill level 1 in Stealth
   596 | D:1      | Gained mutation: You have sharp fingernails. [demonic ancestry]
   596 | D:1      | Reached XP level 3. HP: 27/27 MP: 3/3
   868 | D:2      | HP: 1/27 [ooze (4)]
   869 | D:2      | Slain by an ooze

Vault maps used:
D:1:      roderic_chinese_lattice_arrival
D:2:      chequers_ecumenical_altar_twisty, uniq_terence, uniq_sigmund

Skill      XL: |  1  2 |
---------------+-------+-----
Short Blades   | 3 |  3.9
Stealth        | 1 |  1.3
Fighting       | |  2.0
Throwing       | |  1.7
Dodging        | |  2.6

Action                   || total
-------------------------++-------
Melee: Rapier            ||    86
Throw: Throwing net      ||     1
  Use: Scroll            ||     4
 Stab: Held in net/web   ||     1
Armor: Scale mail        ||    41
Dodge: Dodged            ||    52
